 Dungeon Crawl Stone Soup version 0.28-a0-239-g68911e0c57 (webtiles) character file.

Game seed: 4193089681925202199

1178 Froggeryz the Slicer (level 8, -4/50 HPs)
             Began as an Octopode Brigand on Aug 23, 2021.
             Slain by a gargoyle (17 damage)
             ... on level 6 of the Dungeon.
             The game lasted 00:07:08 (6692 turns).

Froggeryz the Slicer (Octopode Brigand)             Turns: 6692, Time: 00:07:09

Health: -4/50      AC:  1    Str: 11    XL:     8   Next: 41%
Magic:  17/17      EV: 14    Int: 13    God:
Gold:   225        SH:  0    Dex: 15    Spells: 7/7 levels left

rFire   . . .      SeeInvis .   a - +3 dagger
rCold   + . .      Faith    .   (no shield)
rNeg    . . .      Spirit   .   (helmet restricted)
rPois   .          Reflect  .   (no amulet)
rElec   .          Harm     .   m - ring of magical power
rCorr   .          Rampage  .   t - ring of protection from cold
Will    .....                   (no ring)
Stlth   ++++......              (no ring)
HPRegen 0.16/turn               (no ring)
MPRegen 0.15/turn               (no ring)
                                (no ring)
                                (no ring)

@: about to teleport
A: almost no armour, amphibious, 8 rings, camouflage 1, gelatinous body 1,
(nimble swimmer 1), tentacles
a: no special abilities


You were on level 6 of the Dungeon.
You visited 1 branch of the dungeon, and saw 6 of its levels.

You collected 280 gold pieces.
You spent 55 gold pieces at shops.

Inventory:

Hand Weapons
 a - a +3 dagger (weapon)
 u - a +0 hunting sling
Missiles
 b - 25 poisoned darts (quivered)
 c - 2 curare-tipped darts
 l - 63 sling bullets
 v - 91 stones
Jewellery
 m - a ring of magical power (left tentacle)
 t - a ring of protection from cold (right tentacle)
Wands
 p - a wand of polymorph (2)
Scrolls
 f - a scroll of enchant armour
 g - a scroll of fear
 i - a scroll of amnesia
 j - a scroll of fog
 q - a scroll of blinking
Potions
 d - 2 potions of mutation {unknown}
 e - 2 potions of resistance {unknown}
 h - a potion of flight {unknown}
 k - a potion of attraction {unknown}
 n - a potion of lignification {unknown}
 o - a potion of heal wounds
 s - a potion of haste {unknown}


   Skills:
 - Level 2.0 Fighting
 * Level 8.3 Short Blades
 - Level 4.3 Throwing
 + Level 3.9 Dodging
 - Level 5.3 Stealth


You had 7 spell levels left.
You didn't know any spells.
Your spell library contained the following spells:

 Spells                   Type           Power      Damage    Failure   Level
 Foxfire                  Conj/Fire      0%         2x1d4     30%         1
 Sandblast                Erth           0%         2d4       30%         1
 Passwall                 Tmut/Erth      0%         N/A       43%         2
 Conjure Flame            Conj/Fire      0%         6-21      67%         3
 Ignite Poison            Fire/Tmut/Pois 0%         N/A       67%         3
 Inner Flame              Hex/Fire       0%         N/A       67%         3
 Mephitic Cloud           Conj/Pois/Air  0%         N/A       67%         3
 Bolt of Magma            Conj/Fire/Erth 0%         4d4       100%        5
 Lee's Rapid Deconstruct  Erth           0%         3d5*      100%        5


Dungeon Overview and Level Annotations

Branches:
Dungeon (6/15)
 Temple: D:4-7

Altars:
Ashenzari
Okawaru
Ru
Sif Muna
Wu Jian
Xom

Shops:
D:4 *   D:5 [!   D:6 *


Innate Abilities, Weirdness & Mutations

You cannot wear most types of armour.
You are amphibious.
You can wear up to eight rings at the same time.
Your skin changes colour to match your surroundings (Stealth+).
Your rubbery body absorbs attacks. (AC +1, EV +1)
((You are camouflaged near water. (Stealth+)))
You have tentacles for arms and can constrict up to eight enemies at once.


Message History

The gargoyle is lightly damaged.
You constrict the gargoyle, but do no damage.
The gargoyle hurls a stone arrow at you.
The stone arrow hits you!
You hit the gargoyle but do no damage.
The gargoyle is lightly damaged.
You constrict the gargoyle, but do no damage.
The gargoyle closely misses you.
Okay, then.
You hit the gargoyle but do no damage. You squeeze the gargoyle.
The gargoyle is moderately damaged.
You constrict the gargoyle, but do no damage.
You hit the gargoyle.
The gargoyle is moderately damaged.
You constrict the gargoyle, but do no damage.
The gargoyle closely misses you.
You hit the gargoyle but do no damage.
You squeeze the gargoyle, but do no damage.
The gargoyle is moderately damaged.
You constrict the gargoyle, but do no damage.
Okay, then.
As you read the scroll of teleportation, it crumbles to dust.
You feel strangely unstable.
You constrict the gargoyle, but do no damage.
The gargoyle hits you with a +0 flail! The water moccasin zombie bites you!
* * * LOW HITPOINT WARNING * * *
You hit the gargoyle.
The gargoyle is severely damaged.
You constrict the gargoyle, but do no damage.
The gargoyle misses you.
The water moccasin zombie closely misses you.
You hit the gargoyle but do no damage.
The gargoyle is severely damaged.
You constrict the gargoyle, but do no damage.
You hit the gargoyle but do no damage.
You squeeze the gargoyle, but do no damage.
The gargoyle is severely damaged.
You constrict the gargoyle, but do no damage.
The gargoyle hits you with a +0 flail!
You die...

#.#.#.........##...#.#...##.
###.###..####.##.###.#...##.
#......# .##............
##.#...# .######.###.##.
#.....# #.######........
#.#..(###................
#.#...##'................
#.....##9.............#.#
#.......@Z............#.#
#...........###########.#
#...........# #.#
#...........# #.#
###......[.$..# #.#
#.#.......)...# #.#
#.#.#........... ####.#
###.#.#.#.##.####. #.....
+.......#.##+####. #.##.#


You could see a gargoyle and a water moccasin zombie.

Vanquished Creatures
  A black bear (D:5)
  A necrophage (D:5)
  An ogre (D:5)
  Blork the orc (D:4)
  2 scorpions
  3 water moccasin zombies
  A wyvern skeleton (D:6)
  A howler monkey (D:5)
  2 centaur zombies
  A bullfrog zombie (D:6)
  2 bullfrog skeletons (D:6)
  2 hounds
  An orc priest (D:4)
  An orc wizard (D:6)
  An iguana (D:4)
  A hound skeleton (D:5)
  A howler monkey zombie (D:5)
  Robin (D:3)
  4 adders
  An ufetubus (D:6)
  2 worms
  A dart slug (D:1)
  11 orcs
  4 bats
  11 endoplasms
  4 giant cockroaches
  20 goblins
  7 hobgoblins
  6 kobolds
  2 quokkas
  10 ball pythons
  5 frilled lizards
  11 rats
123 creatures vanquished.

Notes
Turn   | Place    | Note
-------+----------+-------------------------------------------
     0 | D:1      | Froggeryz the Octopode Brigand began the quest for the Orb.
     0 | D:1      | Reached XP level 1. HP: 14/14 MP: 1/1
   365 | D:1      | Reached XP level 2. HP: 8/19 MP: 2/2
   919 | D:1      | Reached skill level 3 in Short Blades
   954 | D:1      | Reached XP level 3. HP: 24/24 MP: 3/3
  1874 | D:2      | Reached XP level 4. HP: 29/29 MP: 4/4
  2258 | D:3      | Found a shimmering blue altar of Sif Muna.
  2261 | D:3      | Found a broken altar of Ashenzari.
  2265 | D:3      | Found a sacrificial altar of Ru.
  2698 | D:3      | You fall into a shaft and drop 3 floors!
  2704 | D:5      | Entered Level 5 of the Dungeon
  2704 | D:5      | Found Beil's Armour Shop.
  2775 | D:6      | Noticed a black bear
  2823 | D:6      | Found a shimmering altar of Xom.
  2869 | D:6      | Reached skill level 4 in Short Blades
  3041 | D:6      | Reached XP level 5. HP: 27/34 MP: 5/5
  3290 | D:5      | Noticed a black bear
  3300 | D:5      | HP: 1/34 [black bear (3)]
  3301 | D:5      | Killed a black bear
  3302 | D:5      | Reached skill level 5 in Short Blades
  3302 | D:5      | Reached XP level 6. HP: 1/39 MP: 6/6
  3939 | D:3      | Noticed Robin
  3940 | D:3      | Found a faded altar of an unknown god.
  4068 | D:3      | Killed Robin
  4599 | D:4      | Noticed Blork the orc
  4609 | D:4      | Killed Blork the orc
  4610 | D:4      | Reached skill level 6 in Short Blades
  4850 | D:4      | Reached XP level 7. HP: 34/45 MP: 7/7
  5139 | D:4      | Found Leicuyc's General Store.
  5156 | D:4      | Bought a potion of heal wounds for 55 gold pieces
  5553 | D:5      | Identified the +0 plate armour of Unreason {Int+4 SInv}
  5584 | D:5      | Found Zeopn's Distillery.
  5595 | D:5      | Found an iron altar of Okawaru.
  5730 | D:5      | Reached skill level 7 in Short Blades
  5787 | D:5      | Found an ornate altar of the Wu Jian Council.
  5794 | D:5      | Reached XP level 8. HP: 50/50 MP: 8/8
  6475 | D:6      | Found Xetrued's Assorted Antiques.
  6500 | D:6      | Reached skill level 8 in Short Blades
  6681 | D:6      | Noticed a gargoyle
  6692 | D:6      | Slain by a gargoyle

Illustrated notes

Levels and vault maps discovered:
D:1:      ncdulo_watergridlock, layout_loops_ring
D:2:      layout_basic
D:3:      layout_rooms, grunt_temple_overflow_diamond,
          shapermc_ecumenical_altar_notcrosses, uniq_robin
D:4:      layout_loops_ring, serial_shops, shop, uniq_blork_the_orc
D:5:      layout_loops_ring, mainiacjoe_overflow_chevrons,
          nicolae_overflow_hidden_temple, serial_shops, nicolae_take_the_stairs,
          nicolae_shop_trees, minmay_ogre_servants
D:6:      black_bear_nest_1, layout_basic, amcnicky_altar_gilded, serial_shops,
          shop_fountains, kennysheep_cluttered_room, st_stairs_10

Skill      XL: |  1  2  3  4  5  6  7  8 |
---------------+-------------------------+-----
Short Blades   | 3 4 5 6 7 8 |  8.3
Throwing       | 3 4 |  4.3
Dodging        | 3 |  3.9
Fighting       | |  2.0
Stealth        | |  5.3

Action                   |  1- 3 |  4- 6 |  7- 9 || total
-------------------------+-------+-------+-------++-------
Melee: Dagger            |    61 |   133 |    97 ||   291
       Constrict         |     8 |    28 |    22 ||    58
       Tentacles         |    10 |    25 |    19 ||    54
Throw: Dart              |       |     3 |     4 ||     7
  Use: Scroll            |     2 |     4 |     6 ||    12
 Stab: Sleeping          |    20 |    11 |    10 ||    41
Armor: Skin              |     3 |     8 |     2 ||    13
Dodge: Dodged            |    13 |    40 |    45 ||    98

Table legend: (Time is in decaauts)
 A = Elapsed time spent in this place.
 B = Non-inter-level travel time spent in this place.
 C = Inter-level travel time spent in this place.
 D = Time resting spent in this place.
 E = Time spent auto-exploring this place.
 F = Levels seen in this place.
 G = Mean time per level.
                   A        B        C        D        E       F      G
               +--------+--------+--------+--------+--------+-----+--------+
         Total |   6616 |   6509 |    107 |   1846 |   3447 |   6 | 1102.7 |
       Dungeon |   6616 |   6509 |    107 |   1846 |   3447 |   6 | 1102.7 |
               +--------+--------+--------+--------+--------+-----+--------+

Top non-repeatable levels by time:
     D:1: 1281 daAuts
     D:5: 1233 daAuts
     D:4: 1210 daAuts
     D:3: 1026 daAuts
     D:2: 937 daAuts
     D:6: 926 daAuts
